 Dungeon Crawl Stone Soup version 0.22.0-16-gc6d26f69f9 (webtiles) character file.

28 Kniotic the Conjurer (level 2, 0/19 HPs)
             Began as a Demonspawn Conjurer on Aug 17, 2018.
             Slain by an orc
             ... wielding a +0 hand axe
              (5 damage)
             ... on level 2 of the Dungeon.
             The game lasted 00:02:23 (1240 turns).

Kniotic the Conjurer (Demonspawn Conjurer)          Turns: 1240, Time: 00:02:24

Health: 0/19       AC:  8    Str:  8    XL:     2   Next: 96%
Magic:  5/5        EV: 12    Int: 16    God:
Gold:   78         SH:  0    Dex: 13    Spells: 4/5 levels left

rFire    . . .     SeeInvis .   g - +5 dagger
rCold    . . .     Gourm    .   (no shield)
rNeg     . . .     Faith    .   a - +0 robe
rPois    .         Spirit   .   (no helmet)
rElec    .         Reflect  .   (no cloak)
rCorr    .         Harm     .   (no gloves)
MR       .....                  (no boots)
Stlth    ++........             (no amulet)
HPRegen  0.06/turn              (no ring)
MPRegen  0.09/turn              (no ring)

@: sanguine armour
A: sanguine armour 1
a: no special abilities


You were on level 2 of the Dungeon.
You were not hungry.

You visited 1 branch of the dungeon, and saw 2 of its levels.

You collected 78 gold pieces.

Inventory:

Hand Weapons
 d - a +0 spear
 g - a +5 dagger (weapon)
Armour
 a - a +0 robe (worn)
Jewellery
 j - a +5 ring of slaying {unknown}
Scrolls
 b - 2 scrolls of identify {unknown}
 h - a scroll of teleportation {unknown}
 i - a scroll of remove curse {unknown}
 l - 3 scrolls of enchant weapon {unknown}
 m - 3 scrolls of amnesia {unknown}
Potions
 e - a potion of agility {unknown}
 f - a potion of heal wounds {unknown}
 k - a potion of lignification {unknown}
 n - a potion of degeneration {unknown}
Comestibles
 c - 2 rations


   Skills:
 - Level 1.7 Dodging
 - Level 1.7 Stealth
 + Level 2.4 Spellcasting
 * Level 4.7 Conjurations


You had 4 spell levels left.
You knew the following spells:

 Your Spells              Type           Power        Failure   Level  Hunger
a - Magic Dart            Conj           ###.         3%          1    #......

Your spell library contained the following spells:

 Spells                   Type           Power        Failure   Level  Hunger
 Iskenderun's Mystic Bla  Conj           ###.....     28%         4    #####..
 Fulminant Prism          Conj/Hex       #.........   58%         4    #####..
 Dazzling Spray           Conj/Hex       #.....       22%         3    ###....
 Force Lance              Conj/Tloc      #.......     58%         4    #####..
 Searing Ray              Conj           ###...       4%          2    ###....


Dungeon Overview and Level Annotations

Branches:
Dungeon (2/15)

Altars:
Trog


Innate Abilities, Weirdness & Mutations

When seriously injured, your bleeding wounds create armour. (AC +6)


Message History

The bat closely misses you. The bat completely misses you.
You hit the bat.
You kill the bat!
No target in view!
No target in view!
You start resting.
HP restored.
Found a hand axe.
An orc comes into view. It is wielding a hand axe.
Found a chunk of flesh.
Found a bloodstained altar of Trog.
The orc shouts!
The orc hits you with a hand axe!
Your blood congeals into armour.
You barely miss the orc. The orc hits you with a hand axe!
* * * LOW HITPOINT WARNING * * *
You are too injured to fight recklessly!
You are too injured to fight recklessly!
All of the chunks of flesh in your inventory have rotted away.
There is a stone staircase leading up, spattered with blood here.
The orc hits you with a hand axe.
You die...

#. .. .. .# #.. .. .....
. .#. #.#.# #. #.# ....#
.# #.# #.#.# .# #.#
#.#)####.###.#. #.#
#.#.@รท......... #.#
#.#o######.####
.######.#####....#####..
>............>.#........
.######....#.....######.
########..#.##
............#
.#######..### ###..#


You could see an orc.

Vanquished Creatures
  A giant cockroach (D:1)
  4 goblins (D:1)
  4 hobgoblins
  3 jackals (D:1)
  2 kobolds (D:1)
  7 bats
  A frilled lizard (D:1)
  3 rats (D:1)
25 creatures vanquished.

Notes
Turn   | Place    | Note
-------+----------+-------------------------------------------
     0 | D:1      | Kniotic the Demonspawn Conjurer began the quest for the Orb.
     0 | D:1      | Reached XP level 1. HP: 13/13 MP: 3/3
   214 | D:1      | Gained mutation: When seriously injured, your bleeding wounds create armour. (AC +6) [demonic ancestry]
   214 | D:1      | Reached XP level 2. HP: 19/19 MP: 1/5
  1215 | D:2      | Found a bloodstained altar of Trog.
  1240 | D:2      | Slain by an orc

Action                   || total
-------------------------++-------
Melee: Dagger            ||    52
       Spear             ||     3
 Cast: Magic Dart        ||     8
 Stab: Sleeping          ||     2
  Eat: Chunk             ||     1
Armor: Robe              ||     7
Dodge: Dodged            ||    39
